 Dungeon Crawl Stone Soup version 0.18.1-8-gdd0e5ea (console) character file.

113843 Kloppie the Warrior (level 16, -3/157 HPs)
             Began as a Minotaur Berserker on June 6, 2016.
             Was a High Priest of Trog.
             Slain by an emperor scorpion (14 damage)
             ... on level 2 of the Spider Nest.
             The game lasted 00:59:20 (28144 turns).

Kloppie the Warrior (Minotaur Berserker)           Turns: 28144, Time: 00:59:21

Health: -3/157     AC: 33    Str: 24    XL:     16   Next: 15%
Magic:  13/13      EV:  9    Int: 11    God:    Trog [*****.]
Gold:   2205       SH:  0    Dex: 15    Spells: 0 memorised, 15 levels left

rFire  . . .     SeeInvis .     a - +2 hand axe (vamp)
rCold  . . .     Gourm    +     v - +2 plate armour {MR+}
rNeg   . . .     Faith    .     (no shield)
rPois  +         Spirit   .     (helmet restricted)
rElec  .         Dismiss  .     n - +2 cloak {+Inv}
rCorr  +         Reflect  .     R - +0 pair of gloves (curse)
SustAt .         Harm     .     D - +2 pair of boots {run}
MR     ++++.                    L - amulet of Secrets {Gourm Fragile +Blink MP-9 Int+9}
Stlth  ..........               Q - ring of poison resistance
                                O - ring of resist corrosion

@: lethally poisoned (-3 -> -4), regenerating, quick, incredibly resistant to
hostile enchantments, extremely unstealthy
A: retaliatory headbutt, horns 2, iridescent scales 1, dopey 1, wild magic 1
a: Berserk, Trog's Hand, Brothers in Arms, Burn Spellbooks, Renounce Religion,
Evoke Blink, Evoke Invisibility


You were on level 2 of the Spider Nest.
You worshipped Trog.
Trog was extremely pleased with you.
You were very full.

You visited 4 branches of the dungeon, and saw 22 of its levels.
You also visited: Sewer, Bailey and Ice Cave.

You collected 3198 gold pieces.
You spent 993 gold pieces at shops.

Inventory:

Hand Weapons
 a - a +2 vampiric hand axe (weapon)
 r - a +2 executioner's axe of freezing
 W - a +5 antimagic battleaxe
Armour
 n - a +2 cloak of invisibility (worn)
 v - a +2 plate armour of magic resistance (worn)
 D - a +2 pair of boots of running (worn)
 R - a cursed +0 pair of gloves (worn)
Jewellery
 p - an uncursed ring of protection from magic
 z - an uncursed ring of see invisible
 L - the amulet of Secrets (around neck) {Gourm Fragile +Blink MP-9 Int+9}
   (You found it in an ice cave)

   [amulet of the gourmand]

   It allows you to eat raw meat even when not hungry.
   It affects your intelligence (+9).
   It affects your magic capacity (-9).
   It lets you blink.
   It will be destroyed if unequipped.
 M - an uncursed ring of positive energy
 N - an uncursed ring of protection from fire
 O - a ring of resist corrosion (left hand)
 P - an uncursed amulet of the gourmand {unknown}
 Q - a ring of poison resistance (right hand)
 U - a cursed amulet of faith {unknown}
Wands
 m - a wand of disintegration (18/24)
 A - a wand of disintegration (14/24)
 B - a wand of disintegration (19/24)
 C - a wand of confusion (15/48)
 F - a wand of slowing (24/48)
 J - a wand of digging (10/24)
 T - a wand of hasting (3/9)
Scrolls
 b - 6 scrolls of recharging
 h - 5 scrolls of enchant armour
 j - 3 scrolls of identify
 o - 5 scrolls of fog
 w - 7 scrolls of remove curse
 y - 3 scrolls of enchant weapon
 E - 3 scrolls of holy word
 G - 2 scrolls of fear
 H - 4 scrolls of teleportation
 V - 3 scrolls of magic mapping
Potions
 d - 2 potions of haste
 e - 2 potions of agility
 g - 9 potions of curing
 k - 5 potions of heal wounds
 l - 4 potions of cancellation
 q - 4 potions of resistance
 s - 2 potions of cure mutation
 t - 4 potions of might
 u - 2 potions of invisibility
 x - 4 potions of flight
 I - a potion of lignification
 S - 2 potions of ambrosia
 Y - a potion of magic
Comestibles
 c - 15 bread rations
 f - 7 meat rations
 i - 6 fruits
 K - a chunk of flesh
 X - 2 beef jerkies


   Skills:
 - Level 18.1 Fighting
 - Level 17.9 Axes
 - Level 17.8 Armour
 - Level 2.1 Dodging
 + Level 10.4 Evocations


You had 15 spell levels left.
You didn't know any spells.

Dungeon Overview and Level Annotations

Branches:
Dungeon (10/15)            Temple (0/1) D:7            Lair (8/8) D:9
 Shoals (0/4) Lair:3       Spider (2/4) Lair:3        Slime (0/6) Lair:8
    Orc (2/2) D:10            Elf (0/3) Orc:2

Altars:
Ashenzari
Kikubaaqudgha
Makhleb
Okawaru
Ru
Sif Muna
Trog
Xom
Beogh

Shops:
D:9 *   Orc:2 ?!![


Innate Abilities, Weirdness & Mutations

You reflexively headbutt those who attack you in melee.
You have a pair of horns on your head.
You are partially covered in iridescent scales (AC +4).
You are dopey. (Int -2)
Your spells are a little harder to cast, but a little more powerful.


Message History

You feel sick.
You hit the emperor scorpion but do no damage.
Your headbutt misses the emperor scorpion.
The emperor scorpion is moderately wounded.
You feel sick.
The jumping spider leaps!
The emperor scorpion stings you!
* * * LOW HITPOINT WARNING * * *
The emperor scorpion claws you but does no damage. x2
Some of the chunks of flesh in your inventory have rotted away.
You hit the emperor scorpion but do no damage.
Your headbutt misses the emperor scorpion.
The emperor scorpion is moderately wounded.
The emperor scorpion stings you!
* * * LOW HITPOINT WARNING * * *
The emperor scorpion claws you but does no damage.
The emperor scorpion claws you!
* * * LOW HITPOINT WARNING * * *
Your skin crawls.
You feel resistant to hostile enchantments.
You feel slightly less full.
You feel sick. The emperor scorpion stings you!
You die...

##†.# ##....###.#^......##
####..##
###.....##.###......##
#......###.......##.#
##.....##
#..................^.##
##...#..
#........#..........####
##.####
........###.........##.###
#<# # ##.....##
#..........##..#####
#..##. #.....s...#.#...#.#
#.#
##....#...s@...###.....# #
#. #.^##......).##......#
## ###
#........###.....####.
#.###.......# ##.........
#....#......####......#†.
##.......####.†....^##...
#.......#...###...###...
#..........## ###..#....
....###..#.......###......


You could see an emperor scorpion and a jumping spider.

Vanquished Creatures
  Rupert (Spider:1)
  Gastronok (D:8)
  Louise (Spider:2)
  Snorg (Lair:7)
  Josephine (Orc:2)
  3 ice dragons
  6 hydras
  An ogre mage (Orc:2)
  The ghost of Dickchan the Fighter, a novice NaSk (D:7)
  An entropy weaver (Spider:1)
  An anaconda (Lair:8)
  4 orc high priests
  15 death yaks
  17 wolf spiders
  8 orb spiders
  6 orc knights
  A griffon (Lair:5)
  5 orc sorcerers
  A cyclops (Orc:2)
  10 elephants
  9 black mambas
  2 ice statues (IceCv)
  Psyche (D:9)
  2 torpor snails (Spider:2)
  6 spiny frogs
  3 rime drakes
  A kobold demonologist (Bailey)
  13 komodo dragons
  7 demonic crawlers
  3 trolls
  13 jumping spiders
  The ghost of lepiPlod666 the Covert, a novice SpAs (D:6)
  6 two-headed ogres
  17 blink frogs
  A boulder beetle (Spider:1)
  A snapping turtle (Lair:3)
  A spriggan (D:9)
  11 tarantellas
  6 basilisks
  44 redbacks
  4 wraiths (Orc:2)
  5 wyverns
  39 yaks
  16 hippogriffs
  2 wargs
  11 porcupines
  12 water moccasins
  6 hell hounds
  40 orc warriors
  2 phantoms
  A wasp (D:9)
  2 sky beasts
  A black bear (D:6)
  26 ogres
  The ghost of Leafly the Shield-Bearer, an amateur FoFi (D:3)
  5 centaurs
  17 ice beasts
  20 wolves
  10 crocodiles
  3 big kobolds
  13 giant frogs
  A scorpion (D:5)
  A water moccasin skeleton (D:5)
  4 wights (D:7)
  11 killer bees
  2 vampire bats (Lair:3)
  10 electric eels
  A wasp zombie (D:6)
  6 crimson imps
  4 hounds
  Crazy Yiuf (D:6)
  13 jellies
  26 orc wizards
  26 orc priests
  Natasha (twice) (D:4)
  3 iguanas
  9 worker ants
  35 sheep
  A hound skeleton (D:7)
  A hound zombie (D:7)
  2 worker ant zombies
  12 gnolls
  A howler monkey skeleton (D:9)
  11 adders
  26 river rats
  3 shadow imps
  12 white imps (Lair:2)
  5 oozes
  2 adder skeletons (D:6)
  2 dart slugs (D:1)
  3 giant geckos (D:6)
  95 orcs
  3 ball pythons
  6 giant cockroaches
  14 goblins
  16 hobgoblins
  6 jackals
  4 quokkas
  15 bats
  5 giant newts
  15 kobolds
  A quokka zombie (D:8)
  9 rats
  6 fungi
  3 plants
903 creatures vanquished.

Vanquished Creatures (collateral kills)
  Saint Roka (Orc:2)
  Azrael (Orc:2)
  Nessos (Orc:2)
  3 dire elephants (Lair:8)
  A hydra (Lair:4)
  An orc high priest (Orc:2)
  The ghost of SataraUzumaki the Spry, a journeyman SpEn of Dithmenos (D:10)
  A wolf spider (Spider:2)
  6 orb spiders
  A demonic crawler (Spider:2)
  8 jumping spiders
  A yak (Lair:7)
  4 fire elementals (Orc:2)
  5 orc warriors (Orc:2)
  A crocodile (Lair:7)
  An orc wizard (Orc:2)
  2 orcs (Orc:2)
39 creatures vanquished.

Vanquished Creatures (others)
  A gnoll (Bailey)
  An orc (Orc:1)
  18 fungi
  6 plants
26 creatures vanquished.

Grand Total: 968 creatures vanquished

Notes
Turn   | Place    | Note
--------------------------------------------------------------
     0 | D:1      | Kloppie the Minotaur Berserker began the quest for the Orb.
     0 | D:1      | Reached XP level 1. HP: 19/19 MP: 0/0
   127 | D:1      | Reached XP level 2. HP: 22/27 MP: 1/1
   500 | D:1      | Reached ** piety under Trog
   986 | D:2      | Reached XP level 3. HP: 33/33 MP: 2/2
  1111 | D:2      | Reached skill level 4 in Fighting
  1800 | D:2      | Reached XP level 4. HP: 40/40 MP: 3/3
  2138 | D:3      | Found an iron altar of Okawaru.
  2138 | D:3      | Found a sacrificial altar of Ru.
  2152 | D:3      | Found a shattered altar of Ashenzari.
  2457 | D:3      | Reached skill level 5 in Axes
  2626 | D:3      | Noticed Leafly's ghost (amateur FoFi)
  2638 | D:3      | Killed Leafly's ghost
  2638 | D:3      | Reached XP level 5. HP: 47/47 MP: 4/4
  2696 | D:3      | Found a bloodstained altar of Trog.
  2896 | D:4      | Reached skill level 5 in Fighting
  2997 | D:4      | Gained mutation: You are partially covered in iridescent scales (AC +4). [potion of beneficial mutation]
  3282 | D:4      | Reached *** piety under Trog
  3434 | D:4      | Reached XP level 6. HP: 56/56 MP: 5/5
  3489 | D:4      | Noticed Natasha
  3495 | D:4      | Killed Natasha
  3495 | D:4      | Reached skill level 5 in Armour
  4108 | D:4      | Noticed Natasha
  4115 | D:4      | Killed Natasha
  4208 | D:5      | Entered Level 5 of the Dungeon
  4488 | D:5      | Reached skill level 6 in Fighting
  4488 | D:5      | Reached XP level 7. HP: 60/63 MP: 6/6
  4838 | D:5      | Reached skill level 7 in Fighting
  5252 | D:5      | Reached XP level 8. HP: 69/73 MP: 7/7
  5464 | D:6      | Found a glowing drain.
  5478 | Sewer    | Entered a sewer
  5483 | Sewer    | Reached **** piety under Trog
  5680 | Sewer    | Found a glowing silver altar of Zin.
  6500 | D:6      | Noticed lepiPlod666's ghost (novice SpAs)
  6506 | D:6      | Killed lepiPlod666's ghost
  6506 | D:6      | Reached skill level 8 in Fighting
  7444 | D:6      | Noticed Crazy Yiuf
  7448 | D:6      | Killed Crazy Yiuf
  7565 | D:6      | Reached XP level 9. HP: 74/82 MP: 8/8
  7690 | D:7      | Noticed Dickchan's ghost (novice NaSk)
  7709 | D:7      | Killed Dickchan's ghost
  7709 | D:7      | Reached skill level 9 in Fighting
  7762 | D:7      | Found a staircase to the Ecumenical Temple.
  7809 | D:7      | Reached skill level 10 in Axes
  7822 | D:7      | Found a flagged portal.
  7838 | Bailey   | Entered a bailey
  7890 | Bailey   | Found an iron altar of Okawaru.
  7890 | Bailey   | Noticed an orc high priest
  7890 | Bailey   | Noticed a kobold demonologist
  7901 | Bailey   | Noticed an ice devil
  7914 | Bailey   | Noticed a red devil
  7920 | Bailey   | Noticed a rust devil
  7921 | Bailey   | Killed a kobold demonologist
  7921 | Bailey   | Reached skill level 10 in Fighting
  7928 | Bailey   | Killed an orc high priest
  7928 | Bailey   | Reached skill level 10 in Armour
  7991 | Bailey   | Noticed an orc knight
  8004 | Bailey   | Killed an orc knight
  8004 | Bailey   | Reached XP level 10. HP: 70/94 MP: 9/9
  8331 | Bailey   | Got an ichor-stained lajatang
  8373 | Bailey   | Identified a +2 pair of boots of running (You found it in a bailey)
  8422 | Bailey   | Reached skill level 11 in Fighting
  8450 | Bailey   | Noticed an orc knight
  8471 | Bailey   | Killed an orc knight
  8828 | D:7      | Found a shimmering altar of Xom.
  8955 | D:7      | Found an ancient bone altar of Kikubaaqudgha.
  8958 | D:7      | Found a burning altar of Makhleb.
  8961 | D:7      | Found a deep blue altar of Sif Muna.
  9260 | D:8      | Noticed Gastronok
  9299 | D:8      | Killed Gastronok
  9299 | D:8      | Reached skill level 12 in Fighting
  9299 | D:8      | Reached XP level 11. HP: 104/104 MP: 10/10
 10072 | D:9      | Reached ***** piety under Trog
 10214 | D:9      | Noticed an ice dragon
 10248 | D:9      | Killed an ice dragon
 10424 | D:9      | Noticed Psyche
 10442 | D:9      | Killed Psyche
 10451 | D:9      | Found a staircase to the Lair.
 10626 | D:9      | Found Neamuq's General Store.
 10634 | D:9      | Bought a potion of beneficial mutation for 420 gold pieces
 10634 | D:9      | Gained mutation: Your spells are a little harder to cast, but a little more powerful. [potion of beneficial mutation]
 10925 | Lair:1   | Entered Level 1 of the Lair of Beasts
 11949 | Lair:1   | Reached skill level 13 in Fighting
 12109 | Lair:2   | Found a frozen archway.
 12141 | IceCv    | Entered an ice cave
 12285 | IceCv    | HP: 5/107 [ice statue] (19)]
 13081 | IceCv    | Noticed an ice dragon
 13100 | IceCv    | Killed an ice dragon
 13130 | IceCv    | Noticed an ice dragon
 13149 | IceCv    | Killed an ice dragon
 13149 | IceCv    | Reached XP level 12. HP: 115/115 MP: 11/11
 13243 | IceCv    | Got a steaming golden amulet
 13267 | IceCv    | Identified the amulet of Secrets {Gourm Fragile +Blink MP-9 Int+9} (You found it in an ice cave)
 13798 | Lair:2   | Noticed a seven-headed hydra
 13811 | Lair:2   | Killed a 12-headed hydra
 14207 | Lair:3   | Reached skill level 14 in Fighting
 14217 | Lair:3   | Found a hole to the Spider Nest.
 14531 | Lair:3   | Received a gift from Trog
 14532 | Lair:3   | Got a pitted broad axe {god gift}
 14728 | Lair:3   | Found a staircase to the Shoals.
 15646 | Lair:4   | Identified the +8 broad axe of Regicide {venom, +Inv Str+4} (Trog gifted it to you on level 3 of the Lair of Beasts)
 15719 | Lair:4   | Noticed a four-headed hydra
 15743 | Lair:4   | Killed a 19-headed hydra
 16211 | Lair:4   | Reached skill level 15 in Axes
 16410 | Lair:4   | Noticed a death yak
 16422 | Lair:4   | Noticed a death yak
 16426 | Lair:4   | Killed a death yak
 16426 | Lair:4   | Reached skill level 15 in Fighting
 16426 | Lair:4   | Reached XP level 13. HP: 101/126 MP: 3/12
 16478 | Lair:4   | Reached skill level 15 in Armour
 16879 | Lair:5   | Received a gift from Trog
 17489 | Lair:5   | Reached skill level 16 in Fighting
 17827 | Lair:5   | Found a sacrificial altar of Ru.
 18159 | Lair:6   | Received a gift from Trog
 18710 | Lair:6   | Reached XP level 14. HP: 119/138 MP: 4/13
 19296 | Lair:7   | Noticed Snorg
 19310 | Lair:7   | Killed Snorg
 19690 | Lair:8   | Entered Level 8 of the Lair of Beasts
 19778 | Lair:8   | Reached skill level 17 in Fighting
 19821 | Lair:8   | Found a staircase to the Slime Pits.
 19826 | Lair:8   | Reached ****** piety under Trog
 19826 | Lair:8   | Received a gift from Trog
 21354 | D:10     | Entered Level 10 of the Dungeon
 21446 | D:10     | Found a staircase to the Orcish Mines.
 21545 | D:10     | Noticed SataraUzumaki's ghost (journeyman SpEn)
 21575 | D:10     | Killed SataraUzumaki's ghost
 22086 | Orc:1    | Entered Level 1 of the Orcish Mines
 22113 | Orc:1    | Gained mutation: You are dopey. (Int -2) [a neqoxec]
 22653 | Orc:2    | Entered Level 2 of the Orcish Mines
 22656 | Orc:2    | Received a gift from Trog
 22854 | Orc:2    | Noticed Nessos
 22889 | Orc:2    | Killed Nessos
 23328 | Orc:2    | Noticed Saint Roka
 23339 | Orc:2    | Noticed Azrael
 23349 | Orc:2    | Killed Saint Roka
 23360 | Orc:2    | Received a gift from Trog
 23364 | Orc:2    | Killed Azrael
 23380 | Orc:2    | Found a roughly hewn altar of Beogh.
 23385 | Orc:2    | Reached XP level 15. HP: 129/149 MP: 5/14
 23413 | Orc:2    | Found Wouxt's Magic Scroll Emporium.
 23476 | Orc:2    | Bought a scroll of brand weapon for 280 gold pieces
 23476 | Orc:2    | Bought a scroll of enchant weapon for 105 gold pieces
 23476 | Orc:2    | Bought a scroll of identify for 28 gold pieces
 23536 | Orc:2    | Found Kiasti's Distillery.
 23576 | Orc:2    | Bought a potion of curing for 30 gold pieces
 23576 | Orc:2    | Bought a potion of berserk rage for 50 gold pieces
 23576 | Orc:2    | Bought a potion of ambrosia for 80 gold pieces
 23746 | Orc:2    | Reached skill level 18 in Fighting
 24003 | Orc:2    | Found a roughly hewn altar of Beogh.
 24032 | Orc:2    | Found Lafikij's Armour Boutique.
 24045 | Orc:2    | Found Porui's Distillery.
 24139 | Orc:2    | Reached skill level 1 in Evocations
 24162 | Orc:2    | Received a gift from Trog
 24218 | Orc:2    | Noticed Josephine
 24234 | Orc:2    | Killed Josephine
 24629 | Orc:2    | Found a staircase to the Elven Halls.
 24983 | Spider:1 | Entered Level 1 of the Spider Nest
 25033 | Spider:1 | Noticed Rupert
 25054 | Spider:1 | Killed Rupert
 25054 | Spider:1 | Reached skill level 5 in Evocations
 25696 | Spider:1 | Received a gift from Trog
 27210 | Spider:2 | Noticed Louise
 27235 | Spider:2 | Killed Louise
 27765 | Spider:2 | Reached XP level 16. HP: 132/157 MP: 13/22
 27859 | Spider:2 | Reached skill level 10 in Evocations
 28144 | Spider:2 | Slain by an emperor scorpion

Skill      XL: |  1  2  3  4  5  6  7  8  9 10 11 12 13 14 15 16 |
---------------+-------------------------------------------------+-----
Axes           | 4 5 6 7 9 10 12 13 15 16 17 | 17.9
Armour         | 3 4 5 6 8 10 11 13 14 16 17 | 17.8
Fighting       | 4 5 6 7 8 10 12 13 15 16 17 18 | 18.1
Evocations     | 9 10 | 10.4
Dodging        | |  2.1

Action                   |  1- 3 |  4- 6 |  7- 9 | 10-12 | 13-15 | 16-18 || total
-------------------------+-------+-------+-------+-------+-------+-------++-------
Melee: Hand axe          |    70 |   151 |   298 |   984 |  2106 |   156 ||  3765
       Headbutt          |    14 |    35 |    60 |   268 |   609 |    56 ||  1042
Invok: Berserk           |     1 |     3 |     6 |     8 |    15 |       ||    33
       Trog's Hand       |       |     2 |     6 |     5 |    20 |     3 ||    36
       Brothers in Arms  |       |       |       |     3 |    10 |       ||    13
  Use: Scroll            |       |     9 |     7 |    14 |    12 |       ||    42
       Potion            |       |     1 |       |     1 |     1 |       ||     3
 Stab: Sleeping          |     1 |       |       |       |       |       ||     1
       Distracted        |       |       |       |       |     2 |       ||     2
  Eat: Chunk             |     4 |     9 |    16 |    43 |    61 |     1 ||   134
       Pizza             |       |     1 |       |     1 |       |       ||     2
       Beef jerky        |       |       |     1 |       |     1 |       ||     2
       Fruit             |       |       |     1 |       |       |       ||     1
       Meat ration       |       |       |     1 |     3 |     1 |       ||     5
       Royal jelly       |       |       |       |       |     1 |       ||     1
Armor: Animal skin       |    13 |       |       |       |       |       ||    13
       Scale mail        |     1 |    70 |    55 |       |       |       ||   126
       Plate armour      |       |       |    81 |   592 |  1598 |   177 ||  2448
Dodge: Dodged            |    43 |    85 |   120 |   316 |   756 |    77 ||  1397
